 Dungeon Crawl Stone Soup version 0.30.1-11-g7821555f0a (webtiles) character file.

Game seed: 4121154595251409368

18 RancidPinata the Sneak (level 2, 0/14 (21) HPs)
             Began as an Octopode Delver on Jan 12, 2024.
             Slain by a ball python (1 damage)
             ... on level 3 of the Dungeon.
             The game lasted 00:07:15 (952 turns).

RancidPinata the Sneak (Octopode Delver)             Turns: 952, Time: 00:07:19

HP:   0/14 (21)     AC:  1    Str: 11    XL:     2   Next: 66%
MP:   2/2           EV: 13    Int: 12    God:
Gold: 62            SH:  0    Dex: 13    Spells: 1/1 levels left

rFire   . . .        a - +0 short sword
rCold   . . .        (no shield)
rNeg    . . .        (helmet restricted)
rPois   .            (no amulet)
rElec   .            (no ring)
rCorr   .            (no ring)
SInv    .            (no ring)
Will    .....        (no ring)
Stlth   ++++         (no ring)
HPRegen 0.22/turn    (no ring)
MPRegen 0.08/turn    (no ring)
                     (no ring)

%: no passive effects
@: very heavily drained
A: almost no armour, amphibious, 8 rings, camouflage 1, gelatinous body 1,
(nimble swimmer 1), tentacles
a: no special abilities


You were on level 3 of the Dungeon.
You visited 1 branch of the dungeon, and saw 4 of its levels.

You collected 62 gold pieces.

Inventory:

Hand Weapons
 a - a +0 short sword (weapon)
Missiles
 j - 11 stones (quivered)
Wands
 f - a wand of digging (3)
 h - a wand of paralysis (12)
Scrolls
 b - a scroll of fog
 c - 2 scrolls of magic mapping
 d - a scroll of fear
 i - a scroll of enchant armour {unknown}
 k - 3 scrolls of identify {unknown}
 l - a scroll of silence {unknown}
 n - a scroll of teleportation {unknown}
Potions
 e - a potion of haste
 g - a potion of mutation {unknown}
 m - 2 potions of heal wounds {unknown}
 o - 2 potions of berserk rage {unknown}
 p - a potion of curing {unknown}


   Skills:
 * Level 3.3 Fighting
 + Level 2.1 Short Blades
 * Level 2.4 Dodging
 + Level 6.8 Stealth


You had one spell level left.
You didn't know any spells.
Your spell library contained the following spells:

 Spells                   Type           Power      Damage    Failure   Level
 Sublimation of Blood     Necr           0%         N/A       45%         2
 Wereblood                Tmut           0%         N/A       45%         2
 Summon Hydra             Summ           0%         N/A       100%        7


Dungeon Overview and Level Annotations

Branches:
Dungeon (6/15)
 Temple: D:4-7

Altars:
Hepliaklqana

Shops:
D:4 :   D:5 [[

Annotations:
D:4 Robin
D:5 Grinder


Innate Abilities, Weirdness & Mutations

You cannot wear most types of armour.
You are amphibious.
You can wear up to eight rings at the same time.
Your skin changes colour to match your surroundings (Stealth+).
Your rubbery body absorbs attacks. (AC +1, EV +1)
((You are camouflaged when in or above water. (Stealth+)))
You have tentacles for arms and can constrict up to eight enemies at once.


Message History

A hobgoblin comes into view.
The hobgoblin shouts! x2; You hear a shout!
A goblin comes into view. It is wielding a +0 club. x2
A goblin comes into view. It is wielding a +0 dagger.
There is a stone staircase leading up here.
The goblin barely misses you.
You climb upwards.
The orc shouts! x3; You hear a shout! x2
There is a stone staircase leading down here.
An orc comes into view. It is wielding a +0 whip.
Found a scroll labelled ESTREO LAUM.
The goblin closely misses you. The goblin attacks as you move away!
The goblin closely misses you. The goblin attacks as you move away!
The goblin misses you. The goblin attacks as you move away!
The goblin closely misses you.
An endoplasm comes into view.
The goblin attacks as you move away!
The goblin hits you with a +2 dagger of draining.
You feel drained.
The endoplasm quivers.
The endoplasm misses you.
You hit the endoplasm.
The endoplasm is heavily wounded.
The goblin hits you with a +2 dagger of draining.
You feel drained.
You hit the endoplasm. You squeeze the endoplasm.
You kill the endoplasm!
A ball python comes into view.
A hound comes into view.
The ball python hisses angrily.
The hound moves out of view.
The goblin attacks as you move away!
The goblin hits you with a +2 dagger of draining.
You feel drained.
Found a spear and a leather armour.
The goblin attacks as you move away!
The goblin hits you with a +2 dagger of draining.
* * * LOW HITPOINT WARNING * * *
You feel drained.
* * * LOW HITPOINT WARNING * * *
The ball python bites you.
You die...

..... ... ...
... #.# #.# #
#.# #o
#####@######
#.
#.og..S......
o.
#.###........
o# #.#
#....h...
o####### #.#
#).......
>o...o.# #o#
#........
######.# #.#
#........ #.#
#.# #........
#.# #.#
.[.....


You could see a hound (wandering), an orc, a goblin and a ball python.

Vanquished Creatures
  An adder (D:4)
  A dart slug (D:5)
  An orc (D:5)
  An endoplasm (D:3)
  A giant cockroach (D:4)
  A goblin (D:4)
6 creatures vanquished.

Notes
Turn   | Place    | Note
-------+----------+-------------------------------------------
     0 | D:5      | RancidPinata the Octopode Delver began the quest for the
                  | Orb.
     0 | D:5      | Reached XP level 1. HP: 16/16 MP: 1/1
   261 | D:6      | Found a hazy altar of Hepliaklqana.
   277 | D:6      | Noticed a scorpion
   313 | D:5      | Noticed a scorpion
   313 | D:5      | Noticed a hound
   326 | D:5      | Noticed a steam dragon
   397 | D:6      | Noticed an iguana
   516 | D:5      | Noticed Grinder
   577 | D:5      | Found Olevelia's Armour Boutique.
   638 | D:5      | Found Fecuries's Antique Armour Shop.
   789 | D:4      | Reached XP level 2. HP: 17/21 MP: 2/2
   831 | D:4      | Found Gusagho's Tiny Tomes.
   900 | D:4      | Noticed Robin
   952 | D:3      | Slain by a ball python

Illustrated notes

Levels and vault maps discovered:
D:3:      layout_basic
D:4:      layout_rooms, nicolae_shop_i_like_small_books_too, uniq_robin
D:5:      layout_basic, jmf_multi_god_temple, serial_shops, shop,
          nicolae_shop_bloodbath_and_beyond, nicolae_shop_overgrown_old_shop,
          nicolae_shop_window_shopping, nicolae_shop_hallway_stairs,
          uniq_grinder, uniq_blork_the_orc
D:6:      layout_basic, nicolae_hepliaklqana_hazy_memory, lemuel_doored_altar,
          skrybe_limestone_x, minivault_11

Action                     || total
---------------------------++-------
  Melee: Short sword       ||    17
         Tentacles         ||     6
         Constrict         ||     4
   Stab: Sleeping          ||     1
 Armour: Skin              ||     1
  Dodge: Dodged            ||    10
